AoeStats
← ogipochi_

Arena

506435392Analyzed
3v3 RM · 20d ago on Sep 13, 2026· 58m 11s· 6 players
Game mode
Random Map
Map size
Normal (6 player)
Population
200
Speed
Normal
Resources
Standard
Victory
Conquest
Starting age
Dark Age
Ending age
Imperial Age
RankedLock teamsTeams togetherTeam positionsShared explorationLock speedFull tech treeHidden civsTurbo modeCheats
Victory
Defeat
🇨🇳 Spanish · China
861
+11
859
+11
🇨🇳 Persians · China
733
+18
🇨🇳 Gurjaras · China
769
-14
🇬🇧 Saracens · United Kingdom
749
-13
🇯🇵 Khitans · Japan
745
-13
ogipochi_
9:14 Loom
11:27 Feudal Age
11:53 Double-Bit Axe
11:59 Gold Mining
11:50 Domestication
11:34 Man-at-Arms
12:53 Wheelbarrow
12:04 Town Watch
12:39 Stone Mining
14:43 Forging
19:37 Castle Age
18:38 Scale Mail Armor
18:30 Arson
21:04 Iron Casting
19:53 Long Swordsman
20:34 Squires
21:31 Chain Mail Armor
24:24 Bow Saw
24:38 Gambesons
25:41 Elite Skirmisher
26:54 Padded Archer Armor
26:48 Fletching
26:43 Pikeman
27:54 Pastoralism
28:58 Ballistics
29:39 Thumb Ring
31:05 Bodkin Arrow
31:11 Padded Archer Armor
31:30 Hand Cart
34:09 Town Patrol
34:37 Leather Archer Armor
34:36 Fortified Wall
36:08 Lamellar Armor
39:52 Imperial Age
40:20 Two-Handed Swordsman
40:24 Elite Liao Dao
41:25 Conscription
42:51 Plate Mail Armor
42:22 Bracer
43:47 Two-Man Saw
42:21 Champion
45:06 Chemistry
44:17 Masonry
44:13 Siege Engineers
47:58 Caravan
49:27 Stone Shaft Mining
Ichthyosaur
9:35 Loom
11:20 Feudal Age
10:08 Loom
11:54 Feudal Age
16:18 Castle Age
20:22 Double-Bit Axe
22:27 Horse Collar
26:58 Fortified Wall
28:56 Wheelbarrow
28:19 Fletching
27:52 Elite Skirmisher
28:37 Gold Mining
28:40 Stone Mining
30:14 Hand Cart
30:33 Bow Saw
30:26 Heavy Plow
33:57 Imperial Age
31:52 Thumb Ring
32:03 Town Watch
33:08 Padded Archer Armor
33:21 Murder Holes
33:48 Ballistics
34:09 Gold Shaft Mining
35:04 Conscription
37:05 Chemistry
35:47 Treadmill Crane
36:34 Town Patrol
36:27 Elite Elephant Archer
38:11 Kshatriyas
40:13 Stone Shaft Mining
40:57 Leather Archer Armor
40:38 Bodkin Arrow
43:53 Scale Barding Armor
43:58 Forging
43:14 Light Cavalry
44:04 Bloodlines
45:32 Heavy Camel Rider
47:15 Frontier Guards
47:00 Heavy Scorpion
53:10 Husbandry
54:23 Elite Shrivamsha Rider
56:39 Iron Casting
56:24 Chain Barding Armor
| Hooligan |
10:23 Feudal Age
10:35 Loom
17:33 Castle Age
16:33 Horse Collar
16:39 Double-Bit Axe
18:39 Thumb Ring
19:07 Crossbowman
20:26 Fletching
25:07 Bloodlines
25:39 Heavy Plow
26:33 Padded Archer Armor
26:54 Bodkin Arrow
28:41 Husbandry
29:44 Forging
32:22 Wheelbarrow
33:28 Iron Casting
33:14 Scale Barding Armor
33:54 Scale Mail Armor
36:33 Bimaristan
39:05 Imperial Age
41:28 Blast Furnace
41:31 Hand Cart
41:54 Bow Saw
41:36 Arrowslits
42:34 Elite Mameluke
44:28 Chain Barding Armor
44:23 Chain Mail Armor
48:25 Plate Barding Armor
48:21 Plate Mail Armor
51:26 Chemistry
50:47 Ballistics
54:59 Two-Man Saw
54:18 Leather Archer Armor
打爆你的金针菇
10:14 Feudal Age
8:56 Double-Bit Axe
11:31 Bow Saw
18:47 Castle Age
18:09 Stone Mining
19:00 Horse Collar
20:31 Two-Man Saw
20:11 Stone Shaft Mining
22:01 Gold Mining
22:30 Heavy Plow
23:15 Wheelbarrow
24:06 Crop Rotation
25:02 Crop Rotation
26:52 Gold Shaft Mining
27:13 Hand Cart
28:39 Cavalier
32:34 Imperial Age
30:25 Hand Cart
29:56 Loom
32:04 Forging
32:00 Scale Barding Armor
32:47 Husbandry
34:06 Chain Barding Armor
34:47 Burgundian Vineyards
36:24 Paladin
38:10 Chemistry
36:52 Treadmill Crane
42:09 Plate Barding Armor
42:10 Iron Casting
41:36 Scale Mail Armor
41:46 Arrowslits
41:45 Elite Coustillier
46:08 Blast Furnace
45:24 Chain Mail Armor
47:34 Onager
54:41 Plate Mail Armor
57:40 Fletching
58:29 Bodkin Arrow
YuangXue
2:23 Loom
10:14 Feudal Age
11:09 Double-Bit Axe
12:08 Loom
14:29 Castle Age
13:17 Horse Collar
23:08 Padded Archer Armor
25:39 Bow Saw
27:31 Leather Archer Armor
41:09 Imperial Age
40:45 Herbal Medicine
43:12 Chemistry
41:52 Onager
43:05 Ring Archer Armor
43:21 Masonry
44:32 Scale Barding Armor
44:37 Forging
43:53 Elite Conquistador
45:18 Conscription
46:37 Bloodlines
46:27 Husbandry
45:49 Cavalier
48:35 Two-Man Saw
47:00 Pikeman
47:58 Halberdier
48:39 Squires
50:56 Paladin
51:42 Scale Mail Armor
53:40 Chain Barding Armor
53:55 Iron Casting
54:04 Elite Skirmisher
56:29 Plate Barding Armor
57:55 Blast Furnace
伐伐伐伐木工
10:11 Feudal Age
8:34 Loom
10:25 Feudal Age
12:27 Double-Bit Axe
17:56 Castle Age
17:28 Horse Collar
17:55 Stone Mining
18:17 Gold Mining
20:19 Bow Saw
23:30 Caravan
24:46 Stone Shaft Mining
26:24 Heavy Plow
28:43 Wheelbarrow
28:42 Masonry
29:35 Gold Shaft Mining
34:02 Imperial Age
31:28 Pikeman
34:07 Kamandaran
35:40 Hand Cart
38:55 Elite War Elephant
39:49 Citadels
41:09 Forging
41:05 Scale Barding Armor
42:57 Padded Archer Armor
42:47 Fletching
43:33 Iron Casting
43:19 Chain Barding Armor
43:00 Scale Mail Armor
43:38 Architecture
43:29 Ballistics
44:14 Chemistry
43:06 Guard Tower
46:50 Heavy Scorpion
Connection lost

Rejoining the realm…

Still unreachable

The connection could not be restored.

Session expired

The server has moved on; the page needs a fresh start.